 Dungeon Crawl Stone Soup version 0.14.1-21-g36cd379 (webtiles) character file.

457 Kae the Firebug (level 6, -2/36 HPs)
             Began as an Octopode Fire Elementalist on June 6, 2014.
             Slain by Grinder (3 damage)
             ... while paralysed by Grinder
             ... on Level 4 of the Dungeon.
             The game lasted 00:06:56 (4714 turns).

Kae the Firebug (Octopode Fire Elementalist)        Turns: 4714, Time: 00:06:56

HP  -2/36        AC  1     Str  7      XL: 6   Next: 38%
MP  12/12        EV  2     Int 19      God:
Gold 153         SH  0     Dex 13      Spells:  3 memorised,  5 levels left

rFire  . . .     SeeInvis .     l - +1,+0 mace
rCold  . . .     Clarity  .     (no shield)
rNeg   . . .     Conserve .     (helmet restricted)
rPois  .         rCorr    .     (no amulet)
rElec  .         rRot     .     (no ring)
SustAb . .       Spirit   .     (no ring)
rMut   .         Warding  .     (no ring)
Saprov . . .     Stasis   .     (no ring)
MR     .....                    (no ring)
                                (no ring)
                                (no ring)
                                (no ring)

@: paralysed, not resistant to hostile enchantments, quite stealthy
A: almost no armour, amphibious, 8 rings, constrict 8, camouflage 1, gelatinous
body 1
a: no special abilities


You were on level 4 of the Dungeon.
You were not hungry.

You visited 1 branch of the dungeon, and saw 4 of its levels.

You collected 153 gold pieces.

Inventory:

Hand weapons
 l - a +1,+0 mace (weapon)
Magical devices
 o - a wand of fireball (1) {unknown}
 r - a wand of slowing (14)
Comestibles
 c - 3 bread rations
 g - 3 pears
 i - a meat ration
 p - an apple
Scrolls
 a - a scroll of teleportation
 f - 3 scrolls of identify
 h - a scroll of amnesia {unknown}
Potions
 d - a potion of paralysis
 e - a potion of heal wounds {unknown}
 j - a potion of haste {unknown}
 m - a potion of brilliance {unknown}
Books
 b - a book of Flames

   Spells                             Type                      Level
   *Flame Tongue                      Conjuration/Fire             1
   *Throw Flame                       Conjuration/Fire             2
   *Conjure Flame                     Conjuration/Fire             3
   Inner Flame                        Hexes/Fire                   3
   Sticky Flame                       Conjuration/Fire             4
   Fireball                           Conjuration/Fire             5


   Skills:
 - Level 2.0 Dodging
 - Level 2.6 Stealth
 + Level 3.0 Spellcasting
 * Level 4.2 Conjurations
 * Level 4.7 Fire Magic


You had 5 spell levels left.
You knew the following spells:

 Your Spells              Type           Power        Failure   Level  Hunger
a - Flame Tongue          Conj/Fire      ###..        2%          1    None
b - Throw Flame           Conj/Fire      ###...       4%          2    ##.....
c - Conjure Flame         Conj/Fire      ###.....     10%         3    ###....


Dungeon Overview and Level Annotations

Branches:
Dungeon (4/15)
 Temple: D:4-7

Altars:
Cheibriados
Zin

Annotations:
D:4 Grinder


Innate Abilities, Weirdness & Mutations

You cannot wear most types of armour.
You are amphibious.
You can wear up to eight rings at the same time.
You can use your tentacles to constrict many enemies at once.
Your skin changes colour to match your surroundings (Stlth).
Your rubbery body absorbs attacks (AC +1).


Message History

You spend a moment contemplating the meaning of life.
Grinder comes into view.
You spend a moment contemplating the meaning of life.
Grinder is nearby!
You spend a moment contemplating the meaning of life.
Grinder is nearby!
You spend a moment contemplating the meaning of life.
Grinder is nearby!
Found a stone staircase leading up.
Grinder shouts!
A worker ant comes into view.
Grinder gestures at you.
You suddenly lose the ability to move!
Grinder hits you!
You writhe in agony.
The worker ant bites you! Grinder hits you.
You writhe in agony.
* * * LOW HITPOINT WARNING * * *
The worker ant bites you.
* * * LOW HITPOINT WARNING * * *
Grinder hits you.
You die...

......# #...# #. .......#
#...# #. ........# #...#
#. .........# #...# #.
..........######...####.
........................
........................
........5.########.......
.......a@................
..<......................
........................
########################


You could see Grinder and a worker ant.

Vanquished Creatures
  The ghost of Kae the Firebug, an average OpFE (D:3)
  Natasha (thrice) (D:3)
  Terence (D:2)
  6 adders
  A giant mite (D:3)
  3 worms
  5 giant geckos
  2 oozes (D:1)
  6 orcs (D:3)
  A ball python (D:1)
  10 goblins
  11 hobgoblins
  4 jackals (D:1)
  9 bats
  9 giant cockroaches
  8 giant newts
  A giant newt skeleton (D:4)
  11 kobolds
  A quokka (D:2)
  8 rats
101 creatures vanquished.

Vanquished Creatures (others)
  A quokka (D:3)
  A goblin (D:3)
  A rat (D:3)
3 creatures vanquished.

Grand Total: 104 creatures vanquished

Notes
Turn   | Place    | Note
--------------------------------------------------------------
     0 | D:1      | Kae, the Octopode Fire Elementalist, began the quest for the Orb.
     0 | D:1      | Reached XP level 1. HP: 11/11 MP: 3/3
   230 | D:1      | Reached XP level 2. HP: 17/17 MP: 0/4
   915 | D:1      | Reached XP level 3. HP: 4/21 MP: 3/6
  1738 | D:2      | Noticed Terence
  1837 | D:2      | Reached XP level 4. HP: 27/27 MP: 6/8
  1993 | D:2      | Found a glowing silver altar of Zin.
  2340 | D:2      | Learned a level 2 spell: Throw Flame
  2344 | D:2      | Learned a level 3 spell: Conjure Flame
  2358 | D:2      | Killed Terence
  2701 | D:3      | Reached XP level 5. HP: 19/31 MP: 3/9
  2962 | D:3      | Noticed Natasha
  2967 | D:3      | Killed Natasha
  3005 | D:3      | Noticed Natasha
  3007 | D:3      | Killed Natasha
  3007 | D:3      | Reached skill level 4 in Fire Magic
  3561 | D:3      | Noticed Natasha
  3565 | D:3      | Killed Natasha
  3596 | D:3      | Noticed Kae's ghost (average OpFE)
  4092 | D:3      | Found a snail-covered altar of Cheibriados.
  4361 | D:3      | Killed Kae's ghost
  4361 | D:3      | Reached XP level 6. HP: 24/36 MP: 0/12
  4706 | D:4      | Noticed Grinder
  4709 | D:4      | Paralysed by Grinder for 6 turns
  4714 | D:4      | HP: 1/36 [worker ant (4)]
  4714 | D:4      | Slain by Grinder

Action                   |  1- 3 |  4- 6 || total
-------------------------+-------+-------++-------
Melee: Unarmed           |    31 |       ||    31
       Mace              |    15 |    62 ||    77
 Cast: Flame Tongue      |    48 |    83 ||   131
       Conjure Flame     |       |     2 ||     2
       Throw Flame       |       |    16 ||    16
  Use: Potion            |       |     2 ||     2
       Scroll            |       |     7 ||     7
 Stab: Sleeping          |     2 |     7 ||     9
